 BcadrenCrawl: Boulder Brew version 0.03.3.1 (webtiles) character file.

Game seed: 5187027428917435886, levelgen mode: deterministic

1717 esc the Magician (level 9, -1/66 HPs) Gnoll Noble. Began on Mar 13, 2021. Slain by a scorpion (5 damage) ... on level 3 of the Dungeon. The game lasted 00:08:27 (2671 turns).

esc the Magician (Gnoll Noble)                      Turns: 2671, Time: 00:08:28

Health: -1/66      AC:  6    Str: 13    XL:     9 ^: 2195
Magic:  16/16      EV: 15    Int: 13    God:
Gold:   3175       SH:  0    Dex: 21    Spells: 17/17 levels left

rFire    . . .     Vision   +   g - +2 longbow
rCold    . . .     Gourm    .   (also wielding the above weapon)
rNeg     . . .     Faith    .   a - +0 robe
rPois    .         Spirit   .   d - +0 hat {+Vis}
rElec    .         Reflect  .   f - +0 cloak
rCorr    .         Harm     .   c - +0 pair of gloves {archery}
MR       .....                  i - +1 pair of boots
Stlth    +++.......             (no amulet)
HPRegen  0.32/turn              (no ring)
MPRegen  0.26/turn              (no ring)

@: lethally poisoned (-1 -> -6)
A: distributed training, fangs 1, strong nose
a: no special abilities


You were on level 3 of the Dungeon.
You were not hungry.

You visited 1 branch of the dungeon, and saw 3 of its levels.
You also visited: Market.

You collected 3171 gold pieces.
You spent 996 gold pieces at shops.

Inventory:

Weapons
 g - a +2 longbow (weapon)
Armour
 a - a +0 robe (worn)
 c - a +0 pair of gloves of archery (worn)
 d - a +0 hat of improved vision (worn)
 f - a +0 cloak (worn)
 i - a +1 pair of boots (worn)
Jewellery
 l - an uncursed ring of magical power
 p - an uncursed ring of magical power
 s - a cursed ring of protection from magic {(Curse: rC-)}
Scrolls
 h - 2 scrolls of teleportation
 n - 2 scrolls of amnesia
Potions
 e - a potion of invisibility
 j - 2 potions of cure mutation
 k - 3 potions of heal wounds
 m - a potion of might
 o - a potion of magic
Comestibles
 b - 12 rations
 r - 3 chunks of flesh


   Skills:
 + Level 4.6 Fighting
 + Level 3.8 Short Blades
 + Level 3.8 Long Blades
 + Level 3.8 Axes & Hammers
 + Level 3.8 Whips & Flails
 + Level 3.8 Polearms
 + Level 3.8 Maces & Staves
 + Level 3.8 Slings
 + Level 3.8 Bows
 + Level 3.8 Crossbows
   Level 0.0 Throwing
 + Level 3.8 Armour
 + Level 3.8 Dodging
 + Level 4.5 Stealth
 + Level 3.8 Shields
 + Level 3.8 Unarmed Combat
 + Level 4.8 Spellcasting
 + Level 3.1 Hexes
 + Level 3.1 Charms
 + Level 3.1 Summonings
 + Level 3.1 Necromancy
 + Level 3.1 Translocations
 + Level 3.1 Transmutations
 + Level 3.1 Fire Magic
 + Level 3.1 Ice Magic
 + Level 3.1 Air Magic
 + Level 3.1 Earth Magic
 + Level 3.1 Poison Magic
 + Level 4.2 Invocations
 + Level 3.8 Evocations


You had 17 spell levels left.
You didn't know any spells.
Your spell library contained the following spells:

 Spells                   Type           Power        Failure   Level  Hunger
 Magic Candle             Hex/Fire       11 (90)      5%          1    None
 Ensorcelled Hibernation  Hex/Ice        11 (50)      8%          2    ##.....
 Blinding Spray           Hex/Pois       11 (50)      16%         3    ###....
 Confuse                  Hex            11 (100)     16%         3    ###....
 Tukima's Dance           Hex            11 (100)     16%         3    ###....
 Fulminant Prism          Hex            11 (200)     45%         4    ####...


Dungeon Overview and Level Annotations

Branches:
Dungeon (3/8)

Altars:
Fedhas Madash
Zin


Innate Abilities, Weirdness & Mutations

Your experience applies equally to all skills.
You have very sharp teeth.
Your uncanny sense of smell can sniff out nearby items.


Message History

Aiming:
g - a +2 longbow, Range: 1 (25%)
Press: ? - help, Shift-Dir - straight line, f/p - scorpion
Aim: a scorpion (severely wounded (4/18))
You shoot an arrow. The arrow punctures the scorpion (3).
The scorpion is almost dead. (1/18) HP The scorpion barely misses you (0).
The scorpion pinches you (1).
* * * LOW HITPOINT WARNING * * *
The scorpion bites you (3).
* * * LOW HITPOINT WARNING * * *
The scorpion stings you (3).
* * * LOW HITPOINT WARNING * * *
You are poisoned.
The scorpion poisons you (13)! The scorpion pinches you (1).
* * * LOW HITPOINT WARNING * * *
The scorpion pinches you (1).
* * * LOW HITPOINT WARNING * * *
The scorpion bites you (6).
* * * LOW HITPOINT WARNING * * *
The scorpion stings you (5).
You die...

..##.........#####.. #.# ..
..##.#...##### ..##†..
P.#..#...# ###...))..
..#......###########..[..#..
..#....##..†#.......s......<.
....÷.........W#.s.##..###.).
.................##...## .
...............#.s..###
.........>......@####
P.#............###
...#...#...[.###
....##...##### ....##.###
.......# ....#### ....# ....#


You could see a phantom and 2 scorpions.

Vanquished Creatures
  A slime creature (D:2)
  A water moccasin (D:2)
  2 porcupines (D:3)
  A crocodile (D:2)
  4 big kobolds (D:2)
  A bullfrog (D:2)
  An orc priest (D:3)
  8 jellies (D:2)
  5 giant cockroaches
  A bullfrog skeleton (D:3)
  3 adders
  37 sewer rats
  12 cinder newts
  A worm (D:3)
  5 leopard geckos
  4 orcs (D:3)
  3 ball pythons
  2 cinder newt skeletons (D:2)
  6 goblins (D:1)
  7 hobgoblins (D:1)
  4 jackals (D:2)
  9 bats
  A bat skeleton (D:2)
  2 goblin skeletons (D:2)
  24 kobolds
  A leopard gecko skeleton (D:2)
  An orc skeleton (D:2)
  5 rats
  A fungus (D:2)
  3 withered plants (D:2)
156 creatures vanquished.

Vanquished Creatures (others)
  A giant cockroach (D:2)
  A bat skeleton (D:2)
  A plant (D:2)
  128 withered plants (D:2)
131 creatures vanquished.

Grand Total: 287 creatures vanquished

Notes
Turn   | Place    | Note
-------+----------+-------------------------------------------
     0 | Start Ma | esc the Gnoll Noble began the quest for the Orb.
     0 | Start Ma | Reached XP level 1. HP: 17/17 MP: 4/4
     0 | Start Ma | Found Boniy's Auxillary Armour.
     8 | Start Ma | Bought a +0 pair of gloves of archery for 230 gold pieces
     8 | Start Ma | Bought a +0 hat of improved vision for 220 gold pieces
    18 | Start Ma | Found Zyruh's Mashing MeleeMart.
    29 | Start Ma | Bought a +0 pair of boots for 135 gold pieces
    39 | Start Ma | Found Jipsaiq's Expert Tomes.
    44 | Start Ma | Bought a +0 cloak for 135 gold pieces
    54 | Start Ma | Bought a +0 longbow for 180 gold pieces
    82 | Start Ma | Bought 2 scrolls of teleportation for 96 gold pieces
    88 | D:1      | esc set off with the following items: a +0 robe, a ration,
                  | a +0 pair of gloves of archery, a +0 hat of improved
                  | vision, a +0 pair of boots, a +0 cloak, a +0 longbow, 2
                  | scrolls of teleportation
   205 | D:1      | Reached XP level 2. HP: 23/23 MP: 5/5
   256 | D:1      | Reached XP level 3. HP: 28/28 MP: 7/7
   388 | D:1      | Reached skill level 1 in Invocations
   423 | D:1      | Reached skill level 1 in Short Blades
   423 | D:1      | Reached skill level 1 in Long Blades
   423 | D:1      | Reached skill level 1 in Axes & Hammers
   423 | D:1      | Reached skill level 1 in Whips & Flails
   423 | D:1      | Reached skill level 1 in Polearms
   423 | D:1      | Reached skill level 1 in Maces & Staves
   423 | D:1      | Reached skill level 1 in Slings
   423 | D:1      | Reached skill level 1 in Bows
   423 | D:1      | Reached skill level 1 in Crossbows
   423 | D:1      | Reached skill level 1 in Armour
   423 | D:1      | Reached skill level 1 in Dodging
   423 | D:1      | Reached skill level 1 in Shields
   423 | D:1      | Reached skill level 1 in Unarmed Combat
   423 | D:1      | Reached skill level 1 in Evocations
   485 | D:1      | Reached XP level 4. HP: 34/34 MP: 8/8
   867 | D:2      | Reached skill level 1 in Hexes
   867 | D:2      | Reached skill level 1 in Charms
   867 | D:2      | Reached skill level 1 in Summonings
   867 | D:2      | Reached skill level 1 in Necromancy
   867 | D:2      | Reached skill level 1 in Translocations
   867 | D:2      | Reached skill level 1 in Transmutations
   867 | D:2      | Reached skill level 1 in Fire Magic
   867 | D:2      | Reached skill level 1 in Ice Magic
   867 | D:2      | Reached skill level 1 in Air Magic
   867 | D:2      | Reached skill level 1 in Earth Magic
   867 | D:2      | Reached skill level 1 in Poison Magic
   879 | D:2      | Reached XP level 5. HP: 40/40 MP: 9/9
   909 | D:2      | Reached XP level 6. HP: 47/47 MP: 10/10
  1184 | D:2      | Reached XP level 7. HP: 52/52 MP: 12/12
  1542 | D:2      | Found a blossoming altar of Fedhas.
  1571 | D:2      | Reached XP level 8. HP: 60/60 MP: 14/14
  2167 | D:2      | Identified a scroll of acquirement
  2171 | D:2      | Found a glowing silver altar of Zin.
  2623 | D:3      | Reached XP level 9. HP: 66/66 MP: 16/16
  2671 | D:3      | Slain by a scorpion

Levels and vault maps discovered:
D:1:      ncdulo_wetmaze, layout_basic, minmay_tromino_v2
D:2:      layout_sewer, fedhas_altar_3, elyvilon_niche, first_ration
D:3:      layout_rooms, makhleb_blood_cavern_becter, blue_anna_alchemist
          [blue_anna_fruit_fields, blue_anna_fruit_fields]

Skill      XL: |  1  2  3  4  5  6  7  8 |
---------------+-------------------------+-----
Invocations    | 1 2 3 4 |  4.2
Short Blades   | 1 2 3 |  3.8
Long Blades    | 1 2 3 |  3.8
Axes & Hammers | 1 2 3 |  3.8
Whips & Flails | 1 2 3 |  3.8
Polearms       | 1 2 3 |  3.8
Maces & Staves | 1 2 3 |  3.8
Slings         | 1 2 3 |  3.8
Bows           | 1 2 3 |  3.8
Crossbows      | 1 2 3 |  3.8
Armour         | 1 2 3 |  3.8
Dodging        | 1 2 3 |  3.8
Shields        | 1 2 3 |  3.8
Unarmed Combat | 1 2 3 |  3.8
Evocations     | 1 2 3 |  3.8
Spellcasting   | 3 4 |  4.8
Hexes          | 1 2 3 |  3.1
Charms         | 1 2 3 |  3.1
Summonings     | 1 2 3 |  3.1
Necromancy     | 1 2 3 |  3.1
Translocations | 1 2 3 |  3.1
Transmutations | 1 2 3 |  3.1
Fire Magic     | 1 2 3 |  3.1
Ice Magic      | 1 2 3 |  3.1
Air Magic      | 1 2 3 |  3.1
Earth Magic    | 1 2 3 |  3.1
Poison Magic   | 1 2 3 |  3.1
Fighting       | 3 4 |  4.6
Stealth        | 3 4 |  4.5

Action                   |  1- 3 |  4- 6 |  7- 9 || total
-------------------------+-------+-------+-------++-------
 Fire: Longbow           |    32 |    89 |   166 ||   287
  Use: Scroll            |       |     1 |     3 ||     4
       Potion            |       |       |     1 ||     1
  Eat: Chunk             |       |     1 |     5 ||     6
Armor: Robe              |       |     7 |    17 ||    24
Dodge: Dodged            |     1 |    30 |    66 ||    97
